 Dungeon Sprint DCSS version 0.27-a0-1177-g245c70e1c0 (webtiles) character file.

Game seed: 9518163969393320032

7038 Zeld the Force of Nature (level 11, -2/88 HPs)
             Began as an Octopode Monk on May 16, 2021.
             Was the Champion of Fedhas.
             Slain by Dakhloiz the pandemonium lord (35 damage)
             ... in the Dungeon (Sprint V: "Ziggurat Sprint").
             The game lasted 00:05:10 (1767 turns).

Zeld the Force of Nature (Octopode Monk)            Turns: 1767, Time: 00:05:11

Health: -2/88      AC:  1    Str: 26      XL:     11   Next: 9%
Magic:  0/21       EV: 16    Int: 11 (12) God:    Fedhas [******]
Gold:   0          SH: 23    Dex: 15      Spells: 10/10 levels left

rFire    . . .     SeeInvis .   h - +5 broad axe (freeze)
rCold    + + +     Faith    .   n - +3 tower shield
rNeg     . . .     Spirit   +   (helmet restricted)
rPois    .         Reflect  .   D - amulet of Fech {Spirit Contam *Corrode rC+++ Regen+}
rElec    .         Harm     .   u - +6 ring of strength
rCorr    .         Rampage  .   v - +6 ring of strength
Will     .....     NoTele   +   B - ring of protection from cold
Stlth    +++.......             (no ring)
HPRegen  1.24/turn              (no ring)
MPRegen  0.17/turn              (no ring)
                                (no ring)
                                (no ring)

@: agile
A: almost no armour, amphibious, 8 rings, camouflage 1, gelatinous body 1,
(nimble swimmer 1), tentacles
a: Renounce Religion, Wall of Briars, Grow Ballistomycete, Overgrow, Grow Oklob


You were in the Dungeon.
You worshipped Fedhas.
Fedhas was exalted by your worship.
You visited 1 branch

Inventory:

Hand Weapons
 h - a +5 broad axe of freezing (weapon)
Armour
 n - a +3 tower shield (worn)
Jewellery
 u - a +6 ring of strength (left tentacle)
 v - a +6 ring of strength (right tentacle)
 B - a ring of protection from cold (on tentacle)
 D - the amulet of Fech (around mantle) {Spirit Contam *Corrode rC+++ Regen+}
   (You found it in the Dungeon)

   [amulet of guardian spirit]

   It causes incoming damage to be divided between your reserves of health and
   magic.
   It renders you almost immune to cold.
   It causes magical contamination when unequipped.
   It increases your rate of health regeneration.
   It may corrode you when you take damage.
Wands
 l - a wand of mindburst (7)
 s - a wand of iceblast (3)
 t - a wand of acid (7)
Scrolls
 f - 4 scrolls of blinking
 g - 4 scrolls of amnesia
 o - 7 scrolls of fog
 p - a scroll of holy word
 q - 5 scrolls of identify
 r - 2 scrolls of fear
Potions
 a - 7 potions of curing
 b - 7 potions of heal wounds
 c - 10 potions of haste
 d - 7 potions of magic
 e - 3 potions of berserk rage
 i - 2 potions of brilliance
 j - a potion of invisibility
 k - 4 potions of resistance
 m - 5 potions of might
Miscellaneous
 w - a lightning rod (4/4)
 x - a lightning rod (4/4)
 y - a box of beasts
 z - a piece from Xom's chessboard (15/15)
 A - a phial of floods
 C - a condenser vane


   Skills:
 * Level 13.4 Fighting
 * Level 13.1 Axes
 - Level 3.0 Dodging
 - Level 2.6 Stealth
 * Level 13.1 Shields
 - Level 3.0 Unarmed Combat
 * Level 13.5 Invocations


You had 10 spell levels left.
You didn't know any spells.
Your spell library contained the following spells:

 Spells                   Type           Power      Damage    Failure   Level
 Beastly Appendage        Tmut           0%         N/A       86%         1
 Freeze                   Ice            0%         1d3       86%         1
 Sting                    Tmut/Pois      0%         1d3       86%         1
 Ensorcelled Hibernation  Hex/Ice        0%         N/A       94%         2
 Poisonous Vapours        Pois/Air       0%         N/A       94%         2
 Wereblood                Tmut           0%         N/A       94%         2
 Frozen Ramparts          Ice            0%         1d2       99%         3
 Ignite Poison            Fire/Tmut/Pois 0%         N/A       99%         3
 Mephitic Cloud           Conj/Pois/Air  0%         N/A       99%         3
 Ozocubu's Armour         Ice            0%         N/A       99%         3
 Spider Form              Tmut/Pois      0%         N/A       99%         3
 Animate Dead             Necr           0%         N/A       100%        4
 Hailstorm                Conj/Ice       0%         3d3       100%        4
 Ice Form                 Ice/Tmut       0%         N/A       100%        4
 Olgreb's Toxic Radiance  Pois           0%         N/A       100%        4
 Summon Ice Beast         Ice/Summ       0%         N/A       100%        4
 Borgnjor's Vile Clutch   Necr/Erth      0%         N/A       100%        5
 Hydra Form               Tmut           0%         N/A       100%        5
 Metabolic Englaciation   Hex/Ice        0%         N/A       100%        5
 Death Channel            Necr           0%         N/A       100%        6
 Freezing Cloud           Conj/Ice/Air   0%         6-21      100%        6
 Simulacrum               Ice/Necr       0%         N/A       100%        6
 Ozocubu's Refrigeration  Ice            0%         4d5       100%        7


Dungeon Overview and Level Annotations

Branches:
Dungeon (1/1)

Altars:
Ashenzari
Cheibriados
Dithmenos
Elyvilon
Fedhas
Gozag
Hepliaklqana
Kikubaaqudgha
Makhleb
Nemelex Xobeh
Okawaru
Qazlal
Ru
Sif Muna
Trog
Uskayaw
Vehumet
Wu Jian
Xom
Yredelemnul
Zin
The Shining One
Beogh
Jiyva
Lugonu


Innate Abilities, Weirdness & Mutations

You cannot wear most types of armour.
You are amphibious.
You can wear up to eight rings at the same time.
Your skin changes colour to match your surroundings (Stealth+).
Your rubbery body absorbs attacks. (AC +1, EV +1)
((You are camouflaged near water. (Stealth+)))
You have tentacles for arms and can constrict up to eight enemies at once.


Message History

Unknown command.
Press: ? - help, Dir - move target An oklob plant grows from the ground.
The ynoxinul bellows!
The neqoxec shouts! x2; The green death roars!
You hear a shout!
A cacodemon comes into view.
A neqoxec comes into view. 2 pandemonium lords come into view.
Press: ? - help, Dir - move target An oklob plant grows from the ground.
The neqoxec gestures at you.
You feel dopey. Something feeds on your intellect!
A chaos spawn comes into view.
Your oklob plant spits acid at the large abomination.
The splash of acid hits Dakhloiz but does no damage.
Your oklob plant spits acid at the large abomination.
The splash of acid hits the green death!
The green death is splashed with acid!
Your oklob plant spits acid at the large abomination.
The splash of acid hits the cacodemon!
The cacodemon is splashed with acid.
Your oklob plant spits acid at the large abomination.
The splash of acid hits Dakhloiz.
Dakhloiz is splashed with acid.
You hit Nusom but do no damage. Your squeeze misses Nusom.
You block Nusom's attack. You block Dakhloiz's attack. Nusom hits you!!!
Nusom freezes you.
Your oklob plant spits acid at the large abomination.
The splash of acid hits the neqoxec.
The neqoxec is splashed with acid.
The acid corrodes the neqoxec!
Unknown command.
You slash the green death! You freeze the green death.
Your squeeze misses the green death.
The green death is heavily wounded.
You barely miss Nusom. You hit Dakhloiz but do no damage.
You block Dakhloiz's attack. Nusom hits you!
You feel agile all of a sudden.
The ynoxinul gestures.
You block the green death's attack. The neqoxec hits your oklob plant!
Dakhloiz hits you!!!
You die...
Fedhas appreciates your contribution to the ecosystem.

▓..[).)=..▓
▓..})|=[..▓...)).[..▓
▓.........▓.........▓
▓.5.......▓.........▓
▓5...X4...▓.........▓
▓..3......▓...).)...▓
▓...3233..▓.▓.))).▓.▓
▓.▓P&&2P▓.▓....©....▓
▓....@....▓▓▓▓▓▓▓▓▓▓▓
▓▓▓▓▓▓▓▓▓▓▓


You could see Dakhloiz, Nusom, a cacodemon, a green death, a large abomination
(ally target), 3 neqoxecs, a ynoxinul, a chaos spawn, 2 ufetubi and 2 friendly
oklob plants.

Vanquished Creatures
  2 two-headed ogres (D)
  2 dancing weapons (D)
  A deep elf knight (D)
  2 deep elf archers (D)
  A deep elf pyromancer (D)
  A naga mage (D)
  A troll (D)
  2 tarantellas (D)
  A naga (D)
  2 hell hounds (D)
  Duvessa (D)
  A floating eye (D)
  2 ogres (D)
  Blork the orc (D)
  Dowan (D)
  3 orc priests (D)
  5 jellies (D)
  An orc wizard (D)
  2 adders (D)
  An adder zombie (D)
  An adder skeleton (D)
  2 orcs (D)
  A bat zombie (D)
  2 ball pythons (D)
  A ballistomycete spore (D)
40 creatures vanquished.

Vanquished Creatures (collateral kills)
  A two-headed ogre (D)
  A troll (D)
  A jumping spider (D)
  A slime creature (D)
  Sigmund (D)
  Edmund (D)
  2 ogres (D)
  2 scorpions (D)
  Crazy Yiuf (D)
  Jessica (D)
  A white imp (D)
  A ball python skeleton (D)
  5 ballistomycete spores (D)
19 creatures vanquished.

Vanquished Creatures (others)
  A bat skeleton (D)
  2 ballistomycete spores (D)
3 creatures vanquished.

Grand Total: 62 creatures vanquished

Notes
Turn   | Place    | Note
-------+----------+-------------------------------------------
     0 | D        | Zeld the Octopode Monk began the quest for the Orb.
     0 | D        | Reached XP level 1. HP: 16/16 MP: 1/1
     1 | D        | Found a blossoming altar of Fedhas.
     2 | D        | Found the +6 Majin-Bo {vamp, MP+6 Int+6}
     2 | D        | Found the +9 heavy crossbow "Sniper" {vorpal, Acc+∞ SInv}
     2 | D        | Found the +10 dark maul {vorpal}
     2 | D        | Found the +15 Maxwell's patent armour {-Cast -Tele rElec
                  | Will+ rCorr}
     2 | D        | Found the +18 shield of the Gong {rElec rN+ Will+ EV-5}
     2 | D        | Found the +14 obsidian axe {vorpal, Drain Fly SInv}
     2 | D        | Found the +7 great mace "Firestarter" {inner flame, rF++}
     2 | D        | Found the +6 shillelagh "Devastator" {shatter}
     2 | D        | Found the +11 plutonium sword {Contam Stlth-}
     2 | D        | Found the +8 lance "Wyrmbane" {slay drac, rPois rF+ rC+
                  | AC+3}
     2 | D        | Found the +9 sword of Zonguldrok {reap}
     2 | D        | Found the +13 scythe of Curses {drain, Drain}
     2 | D        | Found the +5 sword of Power {vorpal}
     2 | D        | Found the +7 mace of Variability {chain chaos}
     2 | D        | Found the +7 Singing Sword {vorpal, sonic wave}
     2 | D        | Found the +8 storm bow {elec, penet}
     4 | D        | Found a viscous altar of Jiyva.
     4 | D        | Found a hazy altar of Hepliaklqana.
     4 | D        | Found a transporter.
     4 | D        | Found an opulent altar of Gozag.
     4 | D        | Found an ancient bone altar of Kikubaaqudgha.
     4 | D        | Found a corrupted altar of Lugonu.
     9 | D        | Found a burning altar of Makhleb.
    11 | D        | Found a shimmering blue altar of Sif Muna.
    11 | D        | Found a sacrificial altar of Ru.
    11 | D        | Found a bloodstained altar of Trog.
    11 | D        | Found a stormy altar of Qazlal.
    11 | D        | Found an iron altar of Okawaru.
    11 | D        | Found a sparkling altar of Nemelex Xobeh.
    39 | D        | Reached skill level 5 in Fighting
    39 | D        | Reached XP level 2. HP: 24/24 MP: 2/2
    61 | D        | Became a worshipper of Fedhas Madash
    61 | D        | Reached * piety under Fedhas
    61 | D        | Reached ** piety under Fedhas
    72 | D        | Entered arena 2.
    72 | D        | Found a transporter.
    76 | D        | Reached skill level 1 in Invocations
    76 | D        | Reached XP level 3. HP: 29/29 MP: 2/4
   100 | D        | Entered arena 3.
   100 | D        | Noticed a slime creature
   100 | D        | Found a transporter.
   106 | D        | Reached skill level 5 in Axes
   106 | D        | Reached skill level 5 in Shields
   106 | D        | Reached XP level 4. HP: 16/36 MP: 4/6
   112 | D        | Killed a slime creature
   112 | D        | Reached *** piety under Fedhas
   113 | D        | Reached skill level 5 in Invocations
   113 | D        | Reached XP level 5. HP: 20/43 MP: 1/9
   113 | D        | Reached XP level 6. HP: 23/49 MP: 1/10
   279 | D        | Entered arena 4.
   279 | D        | Noticed a floating eye
   279 | D        | Found a transporter.
   286 | D        | Killed a floating eye
   409 | D        | Got the amulet of Wariness {Spirit Int+3}
   423 | D        | Entered arena 5.
   423 | D        | Found a transporter.
   426 | D        | Reached **** piety under Fedhas
   427 | D        | Reached XP level 7. HP: 48/56 MP: 9/12
   615 | D        | Entered arena 6.
   615 | D        | Noticed a tarantella
   615 | D        | Noticed a tarantella
   615 | D        | Noticed a jumping spider
   615 | D        | Found a transporter.
   619 | D        | Killed a tarantella
   621 | D        | Killed a tarantella
   625 | D        | Reached XP level 8. HP: 21/63 MP: 1/14
   625 | D        | Killed a jumping spider
   825 | D        | Entered arena 7.
   825 | D        | Noticed a +2 glaive of flaming
   825 | D        | Noticed a deep elf archer
   825 | D        | Noticed a deep elf pyromancer
   825 | D        | Noticed a deep elf knight
   825 | D        | Noticed a deep elf archer
   825 | D        | Noticed a +1 vampiric battleaxe
   827 | D        | Found a transporter.
   834 | D        | Killed a deep elf archer
   834 | D        | Killed a deep elf knight
   834 | D        | Reached ***** piety under Fedhas
   835 | D        | Reached skill level 10 in Axes
   835 | D        | Reached skill level 10 in Shields
   835 | D        | Reached skill level 10 in Invocations
   835 | D        | Reached XP level 9. HP: 60/72 MP: 4/16
   837 | D        | Killed a +1 vampiric battleaxe
   837 | D        | Killed a deep elf pyromancer
   842 | D        | Killed a deep elf archer
   843 | D        | Reached XP level 10. HP: 68/80 MP: 5/18
   845 | D        | Killed a +2 glaive of flaming
   905 | D        | Entered arena 8.
   905 | D        | Noticed a naga mage
   906 | D        | Found a transporter.
   915 | D        | Killed a naga mage
  1055 | D        | Entered arena 9.
  1055 | D        | Noticed Sigmund
  1055 | D        | Noticed Jessica
  1055 | D        | Noticed Blork the orc
  1055 | D        | Noticed Crazy Yiuf
  1055 | D        | Noticed Dowan
  1055 | D        | Noticed Duvessa
  1055 | D        | Noticed Edmund
  1058 | D        | Found a transporter.
  1060 | D        | Killed Jessica
  1061 | D        | Killed Dowan
  1062 | D        | Killed Edmund
  1064 | D        | Killed Duvessa
  1064 | D        | Reached ****** piety under Fedhas
  1064 | D        | Killed Crazy Yiuf
  1066 | D        | Killed Blork the orc
  1066 | D        | Killed Sigmund
  1165 | D        | Got the amulet of Fech {Spirit Contam *Corrode rC+++
                  | Regen+}
  1168 | D        | Got the Papyrus of the Snowflakes
  1362 | D        | Entered arena 10.
  1363 | D        | Found the +0 staff of Battle
  1363 | D        | Found a transporter.
  1397 | D        | Entered arena 11.
  1397 | D        | Noticed a two-headed ogre
  1397 | D        | Noticed a two-headed ogre
  1397 | D        | Noticed a two-headed ogre
  1398 | D        | Found the +8 trident of the Octopus King {venom, rElec
                  | rPois Will+}
  1406 | D        | Killed a two-headed ogre
  1406 | D        | Killed a two-headed ogre
  1407 | D        | Reached XP level 11. HP: 50/88 MP: 3/20
  1407 | D        | Killed a two-headed ogre
  1408 | D        | Found a transporter.
  1760 | D        | Entered arena 12.
  1760 | D        | Noticed a green death
  1761 | D        | Noticed a cacodemon
  1762 | D        | Noticed Dakhloiz the pandemonium lord
  1762 | D        | Noticed Nusom the pandemonium lord
  1767 | D        | Slain by Dakhloiz the pandemonium lord

Illustrated notes

Levels and vault maps discovered:
D:        sprint_v [room_start, room_1, room_2, room_3, room_4, room_5, room_6,
          room_7, room_8, room_9, room_10, room_11, room_12, room_13, room_14,
          room_15, room_16, room_17, room_18, room_19, room_20, room_21,
          room_22, room_23, room_24, room_25, room_26, room_27]

Skill      XL: |  1  2  3  4  5  6  7  8  9 10 11 |
---------------+----------------------------------+-----
Fighting       | 5 6 7 8 9 11 12 13 | 13.4
Axes           | 4 5 6 7 8 10 11 12 13 | 13.1
Shields        | 4 5 6 7 8 10 11 12 13 | 13.1
Invocations    | 1 2 5 6 8 10 11 13 | 13.5
Dodging        | |  3.0
Stealth        | |  2.6
Unarmed Combat | |  3.0

Action                   |  1- 3 |  4- 6 |  7- 9 | 10-12 || total
-------------------------+-------+-------+-------+-------++-------
Melee: Broad axe         |     6 |     4 |    13 |    23 ||    46
       Constrict         |     2 |     1 |     4 |     2 ||     9
       Tentacles         |       |     1 |       |     7 ||     8
       Punch             |       |     1 |       |     1 ||     2
Invok: Wall of Briars    |       |     1 |       |     1 ||     2
       Grow Ballistomyce |       |     1 |     2 |       ||     3
       Overgrow          |       |       |     1 |       ||     1
       Grow Oklob        |       |       |       |     7 ||     7
Evoke: Wand              |       |     4 |       |       ||     4
  Use: Potion            |     1 |       |     5 |     2 ||     8
       Scroll            |       |       |     1 |       ||     1
 Stab: Distracted        |       |       |       |     1 ||     1
Dodge: Dodged            |     2 |       |     9 |    19 ||    30
Block: Tower shield      |     6 |     3 |    26 |    36 ||    71

Table legend: (Time is in decaauts)
 A = Elapsed time spent in this place.
 B = Non-inter-level travel time spent in this place.
 C = Inter-level travel time spent in this place.
 D = Time resting spent in this place.
 E = Time spent auto-exploring this place.
 F = Levels seen in this place.
 G = Mean time per level.
                   A        B        C        D        E       F      G
               +--------+--------+--------+--------+--------+-----+--------+
         Total |   1785 |   1785 |      0 |   1417 |      0 |   1 | 1785.0 |
       Dungeon |   1785 |   1785 |      0 |   1417 |      0 |   1 | 1785.0 |
               +--------+--------+--------+--------+--------+-----+--------+

Top non-repeatable levels by time:
       D: 1785 daAuts
